 Dungeon Crawl Stone Soup version 0.20.1-1-g8b1a95d66d (webtiles) character file.

53 Peloso the Shield-Bearer (level 4, -2/31 HPs)
             Began as a Halfling Fighter on Nov 20, 2017.
             Was an Initiate of Okawaru.
             Slain by an ice beast (6 damage)
             ... on level 3 of the Dungeon.
             The game lasted 00:03:23 (851 turns).

Peloso the Shield-Bearer (Halfling Fighter)          Turns: 851, Time: 00:03:24

Health: -2/31      AC: 10    Str: 23    XL:     4   Next: 10%
Magic:  4/4        EV:  7    Int:  6    God:    Okawaru [......]
Gold:   60         SH: 10    Dex: 13    Spells: 3/3 levels left

rFire    . . .     SeeInvis .   a - +0 long sword
rCold    . . .     Gourm    .   c - +0 shield
rNeg     . . .     Faith    .   b - +0 chain mail
rPois    .         Spirit   .   (no helmet)
rElec    .         Reflect  .   (no cloak)
rCorr    .         Harm     .   (no gloves)
MR       .....                  g - +0 pair of boots
Stlth    ..........             (no amulet)
Regen    0.1/turn               (no ring)
MPRegen  0.1/turn               (no ring)

@: mighty
A: mutation resistance 1
a: Renounce Religion


You were on level 3 of the Dungeon.
You worshipped Okawaru.
Okawaru was noncommittal.
You were not hungry.

You visited 1 branch of the dungeon, and saw 3 of its levels.

You collected 60 gold pieces.

Inventory:

Hand Weapons
 a - a +0 long sword (weapon)
 j - a +0 short sword of protection
Armour
 b - a +0 chain mail (worn)
 c - a +0 shield (worn)
 g - a +0 pair of boots (worn)
Scrolls
 e - a scroll of enchant weapon {unknown}
 i - a scroll of recharging {unknown}
 l - 3 scrolls of remove curse {unknown}
 n - a scroll of teleportation {unknown}
 o - 2 scrolls of enchant armour {unknown}
 p - 2 scrolls of identify {unknown}
 q - a scroll of amnesia {unknown}
 t - a scroll of blinking {unknown}
Potions
 h - 2 potions of magic {unknown}
 k - a potion of flight {unknown}
Comestibles
 f - 2 bread rations
 m - 2 royal jellies
 r - 4 chunks of flesh
 s - a meat ration


   Skills:
 + Level 3.1 Fighting
 + Level 2.6 Long Blades
 + Level 3.7 Armour
 + Level 0.4 Dodging
 + Level 3.8 Shields


You had 3 spell levels left.
You didn't know any spells.

Dungeon Overview and Level Annotations

Branches:
Dungeon (2/15)

Altars:
Okawaru


Innate Abilities, Weirdness & Mutations

You are small and have problems with some larger weapons.
You are somewhat resistant to further mutation.


Message History

The ice beast barely misses you.
You closely miss the ice beast.
The ice beast is moderately wounded.
The ice beast hits you. The ice beast freezes you!
You block the ice beast's attack.
You closely miss the ice beast.
The ice beast is moderately wounded.
You block the ice beast's attack.
You slash the ice beast!
The ice beast is severely wounded.
The ice beast hits you. The ice beast freezes you!
* * * LOW HITPOINT WARNING * * *
You closely miss the ice beast.
The ice beast is severely wounded.
You block the ice beast's attack. x2
You feel very mighty all of a sudden. The ice beast hits you.
* * * LOW HITPOINT WARNING * * *
The ice beast freezes you.
You die...

#####.....####
#......†.....#
#.###......#.#
#.##.....##.#
#.##.##.## ..
#.##.#### .#
#.##.# .#
#.#..# #
#.#@## #.#Y#
#.#.# #....#
#......
##...### (....
#####.# .#


You could see an ice beast.

Vanquished Creatures
  An adder (D:2)
  A worm (D:2)
  2 dart slugs (D:1)
  2 leopard geckos
  A ball python (D:2)
  7 goblins
  2 hobgoblins
  7 jackals (D:1)
  4 kobolds
  2 bats (D:1)
  A frilled lizard (D:2)
30 creatures vanquished.

Notes
Turn   | Place    | Note
-------+----------+-------------------------------------------
     0 | D:1      | Peloso the Halfling Fighter began the quest for the Orb.
     0 | D:1      | Reached XP level 1. HP: 15/15 MP: 1/1
   200 | D:1      | Reached XP level 2. HP: 20/20 MP: 2/2
   295 | D:1      | Reached XP level 3. HP: 26/26 MP: 3/3
   618 | D:2      | Found an iron altar of Okawaru.
   629 | D:2      | Became a worshipper of Warmaster Okawaru
   743 | D:2      | Reached XP level 4. HP: 22/31 MP: 4/4
   806 | D:2      | You fall through a shaft!
   836 | D:3      | Noticed an ice beast
   851 | D:3      | Slain by an ice beast

Skill      XL: |  1  2 |
---------------+-------+-----
Fighting       | 3 |  3.1
Long Blades    | |  2.6
Armour         | |  3.7
Dodging        | |  0.4
Shields        | |  3.8

Action                   |  1- 3 |  4- 6 || total
-------------------------+-------+-------++-------
Melee: Long sword        |    90 |    22 ||   112
  Use: Potion            |       |     1 ||     1
Armor: Chain mail        |    52 |     8 ||    60
       Scale mail        |     4 |       ||     4
Dodge: Dodged            |    37 |     8 ||    45
Block: Shield            |    54 |    10 ||    64
       Rpst.: Long sword |    14 |     3 ||    17
